 Dungeon Crawl Stone Soup version 0.28-a0-983-g1de4e0787c (webtiles) character file.

Game seed: 15775285258264994631

441 Twinkles the Conjurer (level 6, 0/50 HPs)
             Began as a Demigod Conjurer on Dec 3, 2021.
             Slain by a scorpion zombie (4 damage)
             ... on level 5 of the Dungeon.
             The game lasted 00:19:37 (4970 turns).

Twinkles the Conjurer (Demigod Conjurer)            Turns: 4970, Time: 00:19:38

Health: 0/50       AC:  2    Str:  8    XL:     6   Next: 42%
Magic:  5/14       EV: 13    Int: 28    God:
Gold:   163        SH:  0    Dex: 12    Spells: 8/11 levels left

rFire   . . .      SeeInvis .   i - +0 dagger (venom)
rCold   + . .      Faith    .   (no shield)
rNeg    . . .      Spirit   .   a - +0 robe
rPois   .          Reflect  .   (no helmet)
rElec   .          Harm     .   (no cloak)
rCorr   .          Rampage  .   (no gloves)
Will    .....                   (no boots)
Stlth   ++........              (no amulet)
HPRegen 0.16/turn               m - ring of protection from cold
MPRegen 0.14/turn               (no ring)

@: no status effects
A: high mp 1, forlorn, divine attributes
a: no special abilities


You were on level 5 of the Dungeon.
You visited 1 branch of the dungeon, and saw 5 of its levels.

You collected 163 gold pieces.

Inventory:

Hand Weapons
 b - a +0 short sword
 c - a +0 dagger
 i - a +0 dagger of venom (weapon)
Missiles
 f - 19 sling bullets
 l - 5 javelins
 p - 2 throwing nets
 s - 72 stones
Armour
 a - a +0 robe (worn)
Jewellery
 m - a ring of protection from cold (left hand)
Scrolls
 d - a scroll of torment {unknown}
 e - a scroll of vulnerability {unknown}
 h - a scroll of acquirement {unknown}
 n - 2 scrolls of teleportation {unknown}
 Z - 2 scrolls of identify
Potions
 g - a potion of ambrosia
 j - a potion of might {unknown}
 k - a potion of brilliance {unknown}
 o - a potion of mutation {unknown}
 L - 2 potions of flight
 P - a potion of lignification


   Skills:
 + Level 2.9 Fighting
 + Level 3.6 Dodging
 - Level 1.7 Stealth
 + Level 3.3 Spellcasting
 + Level 4.8 Conjurations


You had 8 spell levels left.
You knew the following spells:

 Your Spells              Type           Power      Damage    Failure   Level
a - Magic Dart            Conj           100%       1d8       1%          1
b - Searing Ray           Conj           62%        2d6       1%          2

Your spell library contained the following spells:

 Spells                   Type           Power      Damage    Failure   Level
 Slow                     Hex            16%        N/A       8%          1
 Dazzling Flash           Conj/Hex       36%        N/A       9%          3
 Confusing Touch          Hex            4%         N/A       24%         3
 Vampiric Draining        Necr           4%         2d6       24%         3
 Fulminant Prism          Conj/Hex       9%         3d7       28%         4
 Iskenderun's Mystic Bla  Conj/Tloc      18%        2d6       28%         4


Dungeon Overview and Level Annotations

Branches:
Dungeon (5/15)
 Temple: D:4-7

Shops:
D:5 [

Annotations:
D:3 exclusion: 2 doors
D:5 2 transporters, exclusion: necrophage, ThanksArdit's ghost, amateur MiGl


Innate Abilities, Weirdness & Mutations

You have an increased reservoir of magic. (+10% MP)
You shall have no god before yourself.
Your divine heritage dramatically boosts your attributes as you level up.


Message History

The gnoll closely misses you.
The searing ray hits the gnoll.
The gnoll is heavily wounded.
The gnoll hits you from afar with a +0 spear.
The searing ray hits the gnoll but does no damage.
The gnoll is heavily wounded.
The gnoll hits you from afar with a +0 spear.
* * * LOW HITPOINT WARNING * * *
Without enough magic to sustain it, your searing ray dissipates.
The gnoll hits you from afar with a +0 spear!
* * * LOW HITPOINT WARNING * * *
Things that are here:
a +0 spear; a gnoll corpse
There is a transporter here.
The centaur skeleton barely misses you. x2
The centaur skeleton hits you.
* * * LOW HITPOINT WARNING * * *
The centaur skeleton barely misses you.
The centaur skeleton hits you but does no damage.
The centaur skeleton closely misses you.
The centaur skeleton hits you.
* * * LOW HITPOINT WARNING * * *
The centaur skeleton kicks you but does no damage.
The centaur skeleton barely misses you.
The centaur skeleton closely misses you.
The centaur skeleton hits you but does no damage.
The centaur skeleton barely misses you. The centaur skeleton hits you.
* * * LOW HITPOINT WARNING * * *
The centaur skeleton barely misses you.
The centaur skeleton closely misses you.
The centaur skeleton barely misses you.
The gnoll shouts!
The gnoll closely misses you. The centaur skeleton misses you.
The centaur skeleton closely misses you.
The gnoll closely misses you.
You see here 9 gold pieces.
The scorpion zombie hits you.
You die...

#...# ###y.#..### #...#
#.)###.#[#...#...###..#
#..##y.#..###..#..##..###
#.)###...#.!.#.#.###.....
#...#####y.©..#####......
#.#..#############..)....
##.##.......©.......#..###
##.....##....gZ..######..#
##.........@.g$...## ##.#
#......>....Z......# .$#
#................#.#######.#
#................#.......#.#
#....)...........#######....
##....<...........# ..?
#.........(.......# ..
#..........#.....## .
#.........#.#...#


You could see 2 gnolls, a scorpion zombie and a centaur skeleton.

Vanquished Creatures
  A scorpion (D:4)
  3 gnoll shamans
  Terence (D:2)
  10 gnolls
  10 adders
  A howler monkey skeleton (D:5)
  2 worms
  6 orcs
  4 ball pythons
  4 endoplasms
  2 giant cockroaches
  2 goblins
  5 hobgoblins
  6 jackals (D:2)
  3 quokkas
  4 bats
  3 frilled lizards
  6 kobolds
  9 rats
82 creatures vanquished.

Notes
Turn   | Place    | Note
-------+----------+-------------------------------------------
     0 | D:1      | Twinkles the Demigod Conjurer began the quest for the Orb.
     0 | D:1      | Reached XP level 1. HP: 14/14 MP: 5/5
   556 | D:1      | Reached XP level 2. HP: 22/22 MP: 4/7
   589 | D:1      | Learned a level 2 spell: Searing Ray
   900 | D:1      | Reached skill level 1 in Fighting
  1186 | D:2      | Reached XP level 3. HP: 28/28 MP: 2/8
  1271 | D:2      | Noticed Terence
  1289 | D:2      | Killed Terence
  1290 | D:2      | Reached skill level 4 in Conjurations
  1493 | D:2      | Reached XP level 4. HP: 31/35 MP: 8/10
  2591 | D:3      | Saw a vision of the Shoals and the Snake Pit.
  2591 | D:3      | Noticed a sea snake
  2591 | D:3      | Noticed a merfolk
  2591 | D:3      | Noticed a sea snake
  2591 | D:3      | Noticed a merfolk
  2591 | D:3      | Noticed a merfolk siren
  2591 | D:3      | Noticed a naga
  2591 | D:3      | Noticed a salamander
  2591 | D:3      | Noticed a naga
  2591 | D:3      | Noticed a naga
  2591 | D:3      | Noticed a black mamba
  2591 | D:3      | Noticed a black mamba
  2591 | D:3      | Noticed a black mamba
  2591 | D:3      | Noticed a merfolk siren
  2592 | D:3      | Noticed a guardian serpent
  2592 | D:3      | Noticed an anaconda
  2593 | D:3      | Noticed a naga
  3156 | D:3      | Reached XP level 5. HP: 41/41 MP: 8/12
  3390 | D:3      | Noticed a black bear
  4528 | D:4      | You fall into a shaft and drop 1 floor!
  4528 | D:5      | Entered Level 5 of the Dungeon
  4533 | D:5      | Noticed a necrophage
  4540 | D:5      | Noticed a hornet
  4542 | D:5      | Noticed ThanksArdit's ghost (amateur MiGl)
  4555 | D:5      | Reached XP level 6. HP: 50/50 MP: 9/13
  4571 | D:5      | Found a transporter.
  4573 | D:5      | Found a transporter.
  4692 | D:5      | Found Ponopsat's Antique Armour Emporium.
  4933 | D:5      | HP: 15/50 [gnoll (4)]
  4934 | D:5      | HP: 7/50 [gnoll (8)]
  4946 | D:5      | HP: 6/50 [centaur skeleton (3)]
  4957 | D:5      | HP: 2/50 [centaur skeleton (2)]
  4970 | D:5      | Slain by a scorpion zombie

Illustrated notes

Levels and vault maps discovered:
D:1:      shiori_arrival_maze, layout_basic,
          dreamdust_ecumenical_altar_hidden_monk_grotto
D:2:      layout_basic, uniq_terence
D:3:      minmay_bubble_buster, layout_loops_corners,
          mainiacjoe_overflow_tiny_flanked, grunt_ashenzari_visionary
          [grunt_ashenzari_visionary_shoals, grunt_ashenzari_visionary_snake],
          mainiacjoe_overflow_concentric_impassable, roderic_serpentine_path
D:4:      layout_basic, okawaru_metal_pillars_1_2,
          minmay_temple_entry_sparse_star, hangedman_minor_gate_pass
D:5:      layout_rooms, serial_shops, nicolae_diamond_shop, gammafunk_ghost_hive

Skill      XL: |  1  2  3  4  5 |
---------------+----------------+-----
Dodging        | 2 3 |  3.6
Spellcasting   | 2 3 |  3.3
Fighting       | 1 2 |  2.9
Conjurations   | 4 |  4.8
Stealth        | |  1.7

Action                   |  1- 3 |  4- 6 || total
-------------------------+-------+-------++-------
Melee: Dagger            |     3 |     6 ||     9
 Cast: Magic Dart        |    37 |    84 ||   121
       Searing Ray       |     7 |    21 ||    28
  Use: Scroll            |     1 |     1 ||     2
 Stab: Sleeping          |     2 |     1 ||     3
Armor: Robe              |     1 |     4 ||     5
Dodge: Dodged            |     7 |    41 ||    48

Table legend: (Time is in decaauts)
 A = Elapsed time spent in this place.
 B = Non-inter-level travel time spent in this place.
 C = Inter-level travel time spent in this place.
 D = Time resting spent in this place.
 E = Time spent auto-exploring this place.
 F = Levels seen in this place.
 G = Mean time per level.
                   A        B        C        D        E       F      G
               +--------+--------+--------+--------+--------+-----+--------+
         Total |   4971 |   4593 |    378 |    401 |   3429 |   5 |  994.2 |
       Dungeon |   4971 |   4593 |    378 |    401 |   3429 |   5 |  994.2 |
               +--------+--------+--------+--------+--------+-----+--------+

Top non-repeatable levels by time:
     D:3: 1731 daAuts
     D:2: 1332 daAuts
     D:1: 1007 daAuts
     D:4: 458 daAuts
     D:5: 441 daAuts
